 Dungeon Crawl Stone Soup version bcrawl-1.19-7-g22fd707d3b (webtiles) character file.

Game seed: 3517192726040084378

326 Morbidden the Conjurer (level 6, -2/48 HPs)
             Began as a Djinni Conjurer on Nov 17, 2019.
             Slain by a killer bee (3 damage)
             ... on level 4 of the Dungeon.
             The game lasted 00:06:36 (3172 turns).

Morbidden the Conjurer (Djinni Conjurer)            Turns: 3172, Time: 00:06:37

Health: -2/48      AC:  2    Str: 11    XL:     6   Next: 24%
Magic:  9/13       EV: 11    Int: 19    God:
Gold:   166        SH:  0    Dex: 11    Spells: 11/15 levels left

rFire    . . .     SeeInvis .   h - +0 dagger
rCold    . . .     Gourm    .   s - +0 buckler
rNeg     . . .     Faith    .   a - +0 robe
rPois    .         Spirit   .   (no helmet)
rElec    +         Reflect  .   (no cloak)
rCorr    .         Harm     .   (no gloves)
MR       .....     Rnd*Rage +   (boots unavailable)
Stlth    +.........             (no amulet)
HPRegen  0.16/turn              j - ring of insulation
MPRegen  0.13/turn              (no ring)

@: confused, lethally poisoned (-2 -> -21), about to teleport, flying, very
slightly contaminated
A: never pass out, berserk 2, blink, blurry vision 2, wild magic 2, MP-powered
wands, floating
a: Blink


You were on level 4 of the Dungeon.
You were not hungry.

You visited 1 branch of the dungeon, and saw 4 of its levels.

You collected 166 gold pieces.

Inventory:

Hand Weapons
 h - a +0 dagger (weapon)
Armour
 a - a +0 robe (worn)
 s - a +0 buckler (worn)
Jewellery
 j - a ring of insulation (left hand)
Wands
 r - a wand of polymorph (16)
Scrolls
 b - a scroll of teleportation
 e - a scroll of fear {unknown}
 k - a scroll of enchant weapon {unknown}
 l - a scroll of amnesia {unknown}
 m - a scroll of magic mapping {unknown}
 n - 3 scrolls of identify {unknown}
Potions
 c - a potion of magic
 f - 2 potions of ambrosia
 g - 4 potions of curing {unknown}
 i - 2 potions of heal wounds {unknown}
 o - a potion of cancellation {unknown}
 q - 2 potions of mutation {unknown}
Comestibles
 d - 8 rations {!d}
 p - a chunk of flesh


   Skills:
 * Level 2.3 Fighting
 + Level 0.7 Short Blades
 + Level 2.2 Dodging
 + Level 1.8 Stealth
 * Level 5.2 Spellcasting
 * Level 6.6 Conjurations


You had 11 spell levels left.
You knew the following spells:

 Your Spells              Type           Power        Failure   Level  Hunger
a - Magic Dart            Conj           ####         4%          1    None
b - Iskenderun's Mystic   Conj           #####...     11%         3    ##.....

Your spell library contained the following spells:

 Spells                   Type           Power        Failure   Level  Hunger
 Searing Ray              Conj           #####.       6%          2    #......
 Apportation              Tloc           #.....       36%         1    None
 Infusion                 Chrm           #.......     36%         1    None
 Sandblast                Erth           #.....       36%         1    None
 Slow                     Hex            #.......     36%         1    None
 Summon Butterflies       Summ           #.......     36%         1    None
 Fulminant Prism          Conj/Hex       ####......   63%         4    ####...
 Irradiate                Conj/Tmut      ####......   91%         5    ######.


Dungeon Overview and Level Annotations

Branches:
Dungeon (4/12)
 Temple: D:4-7

Altars:
Yredelemnul


Innate Abilities, Weirdness & Mutations

You never pass out after going berserk.
You often lose your temper in combat.
You can translocate small distances at will.
Scrolls take you longer to read.
Your spells are harder to cast, but more powerful.
You expend magic power (3 MP) to strengthen your wands.
Your body floats in the air.


Message History

Aiming: Magic Dart (safe; 4% risk of failure)
Press: ? - help, Shift-Dir - straight line, f/p - killer bee
Aim: a killer bee (severely wounded)
The magic dart hits the killer bee.
The killer bee is almost dead.
* * * LOW HITPOINT WARNING * * *
You feel sick. The killer bee closely misses you.
The killer bee barely misses you. The killer bee stings you.
* * * LOW HITPOINT WARNING * * *
The hound skeleton bites you but does no damage.
The killer bee barely misses you.
Unknown command.
It was a potion of ambrosia.
You are confused.
You feel invigorated.
* * * LOW HITPOINT WARNING * * *
You feel sick. The killer bee stings you.
* * * LOW HITPOINT WARNING * * *
The killer bee misses you. The killer bee stings you.
You die...

#.....# #.....# +.....#
#.....# #.....#
#.....#+######### .
#.....#..##..>..##.
#.....#...#.....#..
#y@...'...'.....#..
#yZ...#..##'######.
........#..##.....##.
.........#..#.........
...........#..+.........
...........##+##...####.
......####.. #...#####
...... #... #...#....
#...#....


You could see 2 killer bees and a hound skeleton.

Vanquished Creatures
  Sigmund (D:2)
  A scorpion (D:3)
  3 adders
  4 worms
  2 dart slugs
  3 leopard geckos (D:2)
  An orc (D:3)
  2 ball pythons (D:1)
  5 giant cockroaches
  7 goblins
  8 hobgoblins
  A quokka (D:1)
  8 bats
  2 frilled lizards
  16 kobolds
  5 rats
69 creatures vanquished.

Notes
Turn   | Place    | Note
-------+----------+-------------------------------------------
     0 | D:1      | Morbidden the Djinni Conjurer began the quest for the Orb.
     0 | D:1      | Reached XP level 1. HP: 14/14 MP: 4/4
   213 | D:1      | Reached XP level 2. HP: 20/20 MP: 1/6
   310 | D:1      | Reached skill level 5 in Conjurations
   917 | D:2      | Reached XP level 3. HP: 27/27 MP: 3/7
  1164 | D:2      | Reached skill level 1 in Fighting
  1426 | D:2      | Noticed Sigmund
  1432 | D:2      | Learned a level 3 spell: Iskenderun's Mystic Blast
  1510 | D:2      | Gained mutation: Your spells are harder to cast, but more
                  | powerful. [Djinni growth]
  1510 | D:2      | Gained mutation: You can translocate small distances at
                  | will. [Djinni growth]
  1510 | D:2      | Reached XP level 4. HP: 35/35 MP: 4/9
  2138 | D:2      | Killed Sigmund
  2138 | D:2      | Reached skill level 6 in Conjurations
  2138 | D:2      | Reached XP level 5. HP: 35/41 MP: 2/12
  2528 | D:3      | Reached skill level 5 in Spellcasting
  2528 | D:3      | Reached XP level 6. HP: 48/48 MP: 4/13
  2644 | D:3      | Found a basalt altar of Yredelemnul.
  3000 | D:3      | Found a faded altar of an unknown god.
  3172 | D:4      | HP: 1/48 [killer bee (6)]
  3172 | D:4      | Slain by a killer bee

Skill      XL: |  1  2  3  4  5 |
---------------+----------------+-----
Conjurations   | 5 6 |  6.6
Fighting       | 1 2 |  2.3
Spellcasting   | 4 5 |  5.2
Short Blades   | |  0.7
Dodging        | |  2.2
Stealth        | |  1.8

Action                   |  1- 3 |  4- 6 || total
-------------------------+-------+-------++-------
Melee: Dagger            |    23 |       ||    23
       Unarmed           |     1 |       ||     1
 Cast: Magic Dart        |    77 |    65 ||   142
       Iskenderun's Myst |       |     2 ||     2
  Use: Scroll            |     1 |     1 ||     2
       Potion            |       |     1 ||     1
  Eat: Chunk             |     2 |     5 ||     7
Armor: Robe              |     5 |     2 ||     7
Dodge: Dodged            |    22 |    10 ||    32
Block: Buckler           |       |     3 ||     3
